Cogmind - Beta 9.3 @@@ ROGUE MODE // 2019.12.31 @ 07:17:51 // Winter2019/RPGLIKE Player: BadAss McGhee Result: Destroyed by S-10 Pest with Light Assault Rifle Performance ------------- Evolutions (1) 500 Regions Visited (2) 400 Robots Destroyed (23) 115 Value Destroyed (683) 683 Prototype IDs (0) 0 Alien Tech Used (0) 0 Bonus (0) 0 TOTAL SCORE: 1698 Bonus ------- None Cogmind --------- Core Integrity 0/800 Matter 255/300 Energy 300/300 System Corruption 0% Temperature Cool (0) Movement Walking (120) Location -9/Materials Parts ------- > --- POWER (1) -------- Ion Engine > --- PROPULSION (2) --- Aluminum Leg Aluminum Leg > --- UTILITY (3) ------ Sensor Array Sensor Array Signal Interpreter > --- WEAPON (2) ------- Small Laser > --- INVENTORY (2) ---- Mining Laser Peak State ------------ > --- POWER ------------ Ion Engine > --- PROPULSION ------- Aluminum Leg Aluminum Leg > --- UTILITY ---------- Sensor Array Sensor Array Signal Interpreter > --- WEAPON ----------- Medium Laser Mining Laser > --- INVENTORY -------- Small Laser [Rating: 8] Favorites ----------- Power Ion Engine Engine Ion Engine Propulsion Aluminum Leg Leg Aluminum Leg Utility Sensor Array Device Sensor Array Processor Signal Interpreter Weapon Medium Laser Energy Gun Medium Laser Special Weapon Mining Laser Build | -11 -10 -9 ------- Run | Scr Mat Mat Slots Evolved 4 | 3 . 1 Power . | . . . Propulsion 1 | 1 . . Utility 2 | 1 . 1 Weapon 1 | 1 . . Parts Attached 17 | 5 7 5 Power 2 | 1 1 . Engine 2 | 1 1 . Core . | . . . Reactor . | . . . Propulsion 3 | 2 1 . Treads . | . . . Leg 3 | 2 1 . Wheel . | . . . Hover . | . . . Flight . | . . . Utility 3 | . 2 1 Device 2 | . 1 1 Storage . | . . . Processor 1 | . 1 . Hackware . | . . . Protection . | . . . Artifact . | . . . Weapon 9 | 2 3 4 Energy Gun 7 | 2 2 3 Energy Cannon . | . . . Ballistic Gun . | . . . Ballistic Cannon . | . . . Launcher . | . . . Special Weapon 2 | . 1 1 Impact Weapon . | . . . Slashing Weapon . | . . . Piercing Weapon . | . . . Special Melee Weapon . | . . . Unidentified Prototypes . | . . . Parts Lost 1 | . . 1 Power . | . . . Propulsion . | . . . Utility . | . . . Weapon 1 | . . 1 Highest Loss Streak 1 | . . 1 Average Slot Usage (%) 89 | . 89 90 Engine 13 | . 14 12 Leg 27 | . 28 25 Device 13 | . 11 17 Processor 7 | . 5 12 Energy Gun 25 | . 28 16 Special Weapon 1 | . . 5 Naked Turns . | . . . Heaviest Build 10 | 8 9 10 Greatest Support 20 | 20 20 20 Greatest Overweight (x) . | . . . Average Overweight (x) . | . . . Largest Inventory Capacity 2 | 1 1 2 Average Capacity 1 | 1 1 1 Most Carried 1 | . 1 1 Average Carried . | . . 1 Final Capacity 2 | 1 1 2 Final Carried 1 | . 1 1 Class Distribution -------------------- 52% | Mutant 47% | Skirmisher Dominant Class ---------------- Mutant | -10/Materials Skirmisher | -9/Materials Resources | -11 -10 -9 ----------- Run | Scr Mat Mat Matter Collected 320 | 250 70 . Remotely . | . . . Salvage Created 723 | . 486 237 Parts 39 | . 27 12 Haulers Intercepted . | . . . Recyclers Shooed . | . . . Parts Field Recycled . | . . . Retrieved Matter . | . . . Parts Self-Destructed . | . . . Prevented . | . . . Kills | -11 -10 -9 ------- Run | Scr Mat Mat Combat Hostiles Destroyed 22 | . 15 7 Guns 22 | . 15 7 Classes Destroyed 3 | . 2 1 Watcher 1 | . . 1 Swarmer 5 | . 3 2 Grunt 17 | . 12 5 Best Kill Streak 8 | . 2 8 Combat Bots Only 7 | . 2 7 Max Kills in Single Turn 1 | . 1 1 Gunslinging . | . . . Exploded . | . . . Melee . | . . . Uniques/NPCs Destroyed . | . . . Combat | -11 -10 -9 -------- Run | Scr Mat Mat Damage Taken 1415 | . 913 502 Core 1136 | . 729 407 Absorbed by Shields . | . . . Redirected to Core 875 | . 582 293 Core Remaining (%) 73 | 100 47 . Volleys Fired 95 | . 64 31 Largest 2 | . 2 2 Hottest 150 | . 100 150 Shots Fired 162 | . 126 36 Gun 157 | . 125 32 Cannon . | . . . Launcher . | . . . Special 5 | . 1 4 Kinetic . | . . . Thermal 162 | . 126 36 Explosive . | . . . Electromagnetic . | . . . Robot Hit Streak 13 | . 8 13 Robot Miss Streak 5 | . 5 1 Penetration Max . | . . . Secondary Targets 1 | . 1 . Max Gunslinging Chain 1 | . 1 . Shots Hit Robots 110 | . 80 30 Core Hits 43 | . 29 14 Critical Hits . | . . . Critical Kills . | . . . Critical Parts Destroyed . | . . . Melee Attacks . | . . . Impact . | . . . Slashing . | . . . Piercing . | . . . Sneak Attacks . | . . . Combat Hostiles . | . . . Follow-up Attacks . | . . . Damage Inflicted 1283 | . 914 369 Guns 1259 | . 914 345 Cannons . | . . . Explosions . | . . . Melee . | . . . Ramming . | . . . Kinetic . | . . . Thermal 1283 | . 914 369 Explosive . | . . . Electromagnetic . | . . . Impact . | . . . Slashing . | . . . Piercing . | . . . Highest Corruption . | . . . Average Corruption . | . . . Corruption Purged . | . . . Overload Shots . | . . . Overflow Damage . | . . . Projectiles . | . . . Explosions . | . . . Melee . | . . . Knockbacks . | . . . Impact . | . . . Kinetic . | . . . Secondary . | . . . Self-Inflicted Damage . | . . . Shots . | . . . Rammed . | . . . Targets Rammed . | . . . Kicked . | . . . Crushed . | . . . Highest Temperature 35 | . 35 6 Average Temperature 9 | . 10 3 Received Heat Transfer 537 | . 396 141 Siege Activations . | . . . Robots Corrupted . | . . . Combat Hostiles . | . . . Parts Fried . | . . . Impact Corruptions . | . . . Robots Melted . | . . . Combat Hostiles . | . . . Parts Melted 8 | . 5 3 Heat Transferred 3386 | . 2478 908 Parts Sabotaged . | . . . Parts Stolen . | . . . Parts Stripped . | . . . Power Chain Reactions . | . . . Missiles Intercepted . | . . . Alert | -11 -10 -9 ------- Run | Scr Mat Mat Peak Influence 226 | . 190 226 Average Influence 108 | . 115 111 Maximum Alert Level 1 | . . 1 Low Security (%) 96 | 100 100 83 Level 1 3 | . . 16 Level 2 . | . . . Level 3 . | . . . Level 4 . | . . . Level 5 . | . . . High Security . | . . . Max Security . | . . . Squads Dispatched 4 | . 4 . Investigation . | . . . Extermination . | . . . Reinforcement 4 | . 4 . Assault . | . . . Garrison . | . . . Intercept . | . . . Construction Impeded . | . . . Haulers Reinforced . | . . . Stealth | -11 -10 -9 --------- Run | Scr Mat Mat Distress Signals 2 | . . 2 Communications Jammed . | . . . Distress Signals . | . . . Times Spotted 31 | . 18 13 Peak Tracking Total 9 | . 3 9 Tactical Retreats 2 | . . 2 Traps | -11 -10 -9 ------- Run | Scr Mat Mat Traps Triggered 1 | . 1 . Indirectly . | . . . Trap Hack Attempts . | . . . Triggered . | . . . Disarmed . | . . . Reprogrammed . | . . . Reused . | . . . Traps Extracted . | . . . Installed . | . . . Triggered . | . . . Machines | -11 -10 -9 ---------- Run | Scr Mat Mat Machines Disabled . | . . . Max in Single Turn . | . . . Machines Sabotaged . | . . . Garrisons Compromised . | . . . Overloaded Fab Kills . | . . . Fab Network Shutdowns . | . . . Hacking | -11 -10 -9 --------- Run | Scr Mat Mat Machines Accessed . | . . . Terminals . | . . . Fabricators . | . . . Repair Stations . | . . . Recycling Units . | . . . Scanalyzers . | . . . Garrison Access . | . . . Total Hacks . | . . . Successful . | . . . Failed . | . . . Catastrophic . | . . . Database Lockouts . | . . . Manual . | . . . Terminals . | . . . Fabricators . | . . . Repair Stations . | . . . Recycling Units . | . . . Scanalyzers . | . . . Garrison Access . | . . . Terminal Hacks . | . . . Fabricator Hacks . | . . . Repair Station Hacks . | . . . Recycling Unit Hacks . | . . . Scanalyzer . | . . . Garrison Access Hacks . | . . . Unauthorized Hacks . | . . . Terminals . | . . . Fabricators . | . . . Repair Stations . | . . . Recycling Units . | . . . Scanalyzers . | . . . Garrison Access . | . . . Data Cores Recovered . | . . . Used . | . . . Hacking Detections . | . . . Full Trace Events . | . . . Feedback Events . | . . . Feedback Blocked . | . . . Robot Schematics Acquired . | . . . Robots Built . | . . . Matter . | . . . Time . | . . . Total Robot Build Rating . | . . . Part Schematics Acquired . | . . . Parts Built . | . . . Matter . | . . . Time . | . . . Total Part Build Rating . | . . . Parts Repaired . | . . . Time . | . . . Parts Recycled . | . . . Recycled Matter . | . . . Retrieved Matter . | . . . Retrieved Components . | . . . Parts Scanalyzed . | . . . Part Schematics Acquired . | . . . Parts Damaged . | . . . Bothacking | -11 -10 -9 ------------ Run | Scr Mat Mat Used RIF Installer . | . . . Robots Hacked . | . . . Non-combat . | . . . Combat . | . . . Robot Hacks Applied . | . . . Relay Couplers Released . | . . . Robots Rewired . | . . . Allies Hacked . | . . . Hacks Repelled . | . . . Allies | -11 -10 -9 -------- Run | Scr Mat Mat Total Allies . | . . . Largest Group . | . . . Highest-Rated Group . | . . . Highest-Rated Ally . | . . . Total Orders . | . . . Ally Attacks . | . . . Total Damage . | . . . Kills . | . . . Allies Corrupted . | . . . Allies Melted . | . . . Intel | -11 -10 -9 ------- Run | Scr Mat Mat Robot Analysis Total . | . . . Derelict Logs Recovered . | . . . Drone Launches . | . . . Drone Recoveries . | . . . Exploration | -11 -10 -9 ------------- Run | Scr Mat Mat Turns Passed 894 | 47 648 199 Spaces Moved 425 | 35 310 80 Core 3 | 3 . . Treads . | . . . Legs 422 | 32 310 80 Wheels . | . . . Hover . | . . . Flight . | . . . Fastest Speed 50 | 50 120 120 Average Speed 119 | 114 120 120 Slowest Speed 120 | 120 120 120 Overloaded Moves . | . . . Propulsion Burnouts . | . . . Robots Hopped . | . . . Cave-ins Triggered . | . . . Exploration Rate (%) 23 | 4 51 14 Regions Visited 2 Branch Regions . Pre-discovered Areas . | . . . Known Exits Taken 1 | . 1 . Unknown Exits Taken 1 | 1 . . Scrap Searched . | . . . Spaces Dug 2 | . 1 1 Terrain Destroyed 3 | . 1 2 Melee . | . . . Projectile 3 | . 1 2 AOE . | . . . Actions | -11 -10 -9 --------- Run | Scr Mat Mat Total 633 | 39 457 137 Wait 78 | . 58 20 Move 423 | 34 309 80 Hop . | . . . Pick Up 1 | . 1 . Fast Attach 8 | 5 2 1 Attach . | . . . Detach . | . . . Swap 9 | . 5 4 Drop 4 | . 3 1 Fire 95 | . 64 31 Melee . | . . . Ram . | . . . Kick . | . . . Crush . | . . . Escape Stasis . | . . . Rewire . | . . . Trap . | . . . Miscellaneous 15 | . 15 . Route ------- -11/Scrapyard -10/Materials (discovered 2 exits: *Mat / [*Min]) -9/Materials History --------- Turn | Location | Event 1 | -11/Scrapyard | Upgraded with Propulsion slot (x1) 1 | -11/Scrapyard | Upgraded with Utility slot (x1) 1 | -11/Scrapyard | Upgraded with Weapon slot (x1) 2 | -11/Scrapyard | Met Revision 17 7 | -11/Scrapyard | Discovered new exit (range 16) 48 | -11/Scrapyard | Entered Materials 300 | -10/Materials | Build established: Mutant 574 | -10/Materials | Reached level 2 589 | -10/Materials | Discovered new exit (range 14) 662 | -10/Materials | Discovered new exit (range 4) 666 | -10/Materials | Identified exit to Materials 683 | -10/Materials | Core integrity fell below 50% 696 | -10/Materials | Entered another Materials area 697 | -9/Materials | Core integrity fell below 50% 698 | -9/Materials | Reached level 3 714 | -9/Materials | Upgraded with Utility slot (x1) 727 | -9/Materials | Build established: Skirmisher 861 | -9/Materials | Core integrity fell below 20% 895 | -9/Materials | Destroyed by S-10 Pest with Light Assault Rifle Last Messages --------------- 00841_ Heat Sink melted. 00841_ Aluminum Leg melted. 00841_ G-34 Mercenary destroyed. 00844_ Sml. Laser melted. 00844_ G-34 Mercenary destroyed. 00844_ Med. Laser destroyed. 00846_ R-06 Scavenger collects Aluminum Leg. 00852_ U-05 Engineer builds a Wall. 00854_ G-47 Trooper destroyed. 00855_ R-06 Scavenger collects Lgt. Nuclear Core. 00860_ S-10 Pest destroyed. 00880_ K-01 Serf collects debris. 00883_ G-34 Mercenary destroyed. 00884_ K-01 Serf collects debris. 00886_ R-06 Scavenger collects Imp. Heat Sink. 00887_ K-01 Serf collects debris. 00890_ R-06 Scavenger collects Flight Unit. 00891_ K-01 Serf collects debris. 00893_ K-01 Serf cleans the Purification Channel. 00894_ K-01 Serf collects debris. Map ----- +----------------------------------------------------+ | ???????# # # #?????????????????? | | ???????# # # #?????????????????? | | ???????########### x #?????????????????? | | ?????????????????# # #?????????????????? | | ??????############ # x #?????????????????? | | ??????? # #?????????????????? | | ???????? ###########?????????????????? | | ????????"? """ = # ####??????????????????????? | | ???????"" """ # #??????????????????????? | | ?????x?"" """ x #??????????????????????? | | ???? """ """ "T" #x #??????????????????????? | | ???+ ##xx##??????????????????????? | | ???# #??x????????????????????????? | | ???# #### #???????????????????????????? | | ??????????# #???????????????????????????? | | ??????????# #???????????????????????????? | | ??????????# #???????????????????????????? | | ??????????# #???????????????????????????? | | ??????????# ########????????????????????? | | ??????????# x xx ????????????? | | ??????????#########+#########????????????????????? | | ???????????????# #????????????????????????? | | ???????????????# """ #????????????????????????? | | ???????????????# """ ############?????????????? | | ???????????????# """ %##% #?????????????? | | ???????????????# %s@argr # """?????????? | | ???????????????# """ k=##% k" + """ ????????? | | ???????????????# """ ## """ # """ ????????? | | ???????????????# """ ## r""" #???? ????????? | | ???????????????# ##=%""" ##?????????????? | | ???????????????########### ="" #??????????????? | | ?????????????????????????# """ #??????????????? | | ?x???????????????????????# "" #??????????????? | | ??x??????????????????????# """ #??????????????? | | ????x????????????x??????? " ? #??????????????X | | ?x???????????????x??????? ????#??????????????? | | ???????????????????????? ???????????????????? | | ????????????????????????# ???????????????????? | | ????????????????????????# Y??????????????????? | | ????????????????????????# = "??????????????????? | | ????????????????????????# ??????????????????? | | ???????????????????????? ???????????????????? | | ????????????????????????## #???????????????????? | | ?????????????????????????? ????????????????????? | | ??????????????????x??????????????????????????????? | | ?????????????????????????????????????????????????? | | ?????????????????????????????????????????????????? | | ?????????????????????????????????????????????????? | | ?????????????????????????????????????????????????? | | ?????????????????????????????????????????????????? | +----------------------------------------------------+ Best States ------------- Heat Dissipation 37 Energy Generation 15 Energy Capacity 300 Matter Stores 300 Matter Capacity 300 Sight Range 18 Robot Scan Range 26 Terrain Scan Density 10 Evasion (%) 40 Item Schematics ----------------- None Robot Schematics ------------------ None Fabricated ------------ Nothing Alien Tech Used ----------------- None Achievements -------------- None Challenges ------------ None RPGLIKE | -11 -10 -9 --------- Run | Scr Mat Mat Levels Raised 2 | . 1 1 XP Earned 7085 | 3000 1800 2285 XP Spent 5955 | 3000 . 2955 Upgrades 22 | 15 . 7 Propulsion Slot 1 | 1 . . Utility Slot 2 | 1 . 1 Weapon Slot 1 | 1 . . Core Integrity 4 | 3 . 1 Heat Dissipation 2 | 2 . . Energy Generation 1 | 1 . . Energy Storage 1 | 1 . . Inventory Capacity 2 | 1 . 1 Sight Range 2 | 2 . . Sensor Range 3 | 2 . 1 Ranged Accuracy 3 | . . 3 Protomatter Created 281 | . 211 70 Integrity Restored 333 | . 333 . Core 333 | . 333 . Protomatter Decayed 100 | . 100 . Game ------ Seed HardenedThunderChainsword Manual? 0 Play Time 00:15:56 Cumulative 61.7 hours Start 2019.12.31 @ 07:04:57 End 2019.12.31 @ 07:17:51 Sessions 1 Manual Loads 0 Difficulty Rogue Special Mode Winter2019/RPGLIKE Game No. 73 Rogue 73 Adventurer 0 Explorer 0 Win Type - Total 0 Types 0/0/0/0/0/0/0 Lore% 11 Gallery% 29 Achievement% 19 Wizard Run 0 Options --------- ASCII 0 Keyboard 0 Movement Mouse Keybinds 0 Fullscreen 1 Font 18/SmallcapsGlow Map View 76x50 Tactical HUD 1 Map Filters NONE Filters NONE Steam 1 RUN: 48bbcb7c-4bf5-47cc-9562-a1a234ded34a